 Dungeon Crawl Stone Soup version 0.30.1-11-g7821555f0a (webtiles) character file.

Game seed: 3775741225275749759

47 porpoise the Shooter (level 3, 0/22 HPs)
             Began as a Kobold Hunter on Dec 18, 2023.
             Slain by a goblin
             ... wielding a +0 dagger
              (3 damage)
             ... on level 3 of the Dungeon.
             The game lasted 00:03:14 (1719 turns).

porpoise the Shooter (Kobold Hunter)                Turns: 1719, Time: 00:03:15

Health: 0/22       AC:  4    Str:  8    XL:     3   Next: 97%
Magic:  3/3        EV: 14    Int: 10    God:
Gold:   110        SH:  0    Dex: 20    Spells: 2/2 levels left

rFire   . . .        a - +0 shortbow
rCold   . . .        (shield currently unavailable)
rNeg    . . .        c - +0 leather armour
rPois   .            (no helmet)
rElec   .            p - +0 cloak
rCorr   .            (no gloves)
SInv    .            (no boots)
Will    .....        (no amulet)
Stlth   +++          (no ring)
HPRegen 0.23/turn    (no ring)
MPRegen 0.08/turn

%: no passive effects
@: no status effects
A: small, no large weapons, nightstalker 3
a: no special abilities


You were on level 3 of the Dungeon.
You visited 1 branch of the dungeon, and saw 3 of its levels.

You collected 110 gold pieces.

Inventory:

Hand Weapons
 a - a +0 shortbow (weapon)
 b - a +2 dagger of speed
Missiles
 g - 6 datura-tipped darts
 q - 7 poisoned darts
Armour
 c - a +0 leather armour (worn)
 p - a +0 cloak (worn)
Scrolls
 d - 2 scrolls of immolation
 e - a scroll of identify {unknown}
 f - a scroll of vulnerability {unknown}
 n - a scroll of torment {unknown}
 o - a scroll of blinking {unknown}
Potions
 h - 2 potions of mutation {unknown}
 i - a potion of might {unknown}
 j - 2 potions of degeneration {unknown}
 k - a potion of flight {unknown}
 l - a potion of attraction {unknown}
 m - a potion of haste {unknown}


   Skills:
 + Level 2.8 Fighting
 * Level 6.2 Ranged Weapons
 - Level 2.4 Dodging
 + Level 2.8 Stealth


You had 2 spell levels left.
You didn't know any spells.
Your spell library was empty.

Dungeon Overview and Level Annotations

Branches:
Dungeon (3/15)

Altars:


Innate Abilities, Weirdness & Mutations

You are small and have problems with some larger weapons.
You are completely attuned to the shadows.


Message History

You see here a +0 dagger.
There is an open door here.
An orc comes into view. It is wielding a +0 trident.
You shoot an arrow. The arrow hits the orc!
You kill the orc!
No target in view!
An orc comes into view. It is wielding a +0 falchion.
You shoot an arrow. The arrow hits the orc!
You kill the orc!
You hear a shout! x2
No target in view!
An orc comes into view. It is wielding a +0 whip.
You shoot an arrow. The arrow hits the orc!
You kill the orc!
No target in view!
An orc priest comes into view. It is wielding a +0 club.
You shoot an arrow.
The arrow closely misses the orc priest.
You hear a shout!
A goblin comes into view. It is wielding a +0 dagger.
The goblin moves out of view.
You shoot an arrow. The arrow hits the orc priest.
The orc priest is moderately wounded.
The orc priest mumbles some strange prayers to Beogh against you.
Pain shoots through your body!
Ouch! That really hurt!
You are too injured to fight recklessly!
You are too injured to fight recklessly!
You are too injured to fight recklessly!
You are too injured to fight recklessly!
The orc priest misses you.
You shoot an arrow.
The arrow closely misses the orc priest.
The orc priest hits you with a +0 club.
You shoot an arrow.
The arrow closely misses the orc priest.
The orc priest hits you with a +0 club.
* * * LOW HITPOINT WARNING * * *
The goblin hits you with a +0 dagger.
You die...

############...#
#............#.#
###.....########.#
#.'.....# #...#
#.#)....##########
#.#.....##.) #
#.########.# # ..
#.########o##.#
#.###.........@...#
#....#########g####
####.# .........
####.# ..#.####.
#....# . ..
#.#.#### ##. #.#.#
#.#.# ..#.#


You could see an orc priest and a goblin.

Vanquished Creatures
  3 orcs (D:3)
  7 bats
  3 endoplasms
  2 giant cockroaches (D:1)
  5 goblins
  3 hobgoblins (D:1)
  3 jackals (D:1)
  3 ball pythons (D:3)
  8 kobolds
  3 rats
40 creatures vanquished.

Notes
Turn   | Place    | Note
-------+----------+-------------------------------------------
     0 | D:1      | porpoise the Kobold Hunter began the quest for the Orb.
     0 | D:1      | Reached XP level 1. HP: 12/12 MP: 1/1
   121 | D:1      | Reached XP level 2. HP: 18/18 MP: 2/2
   355 | D:1      | Reached XP level 3. HP: 21/22 MP: 3/3
   415 | D:1      | Found a faded altar of an unknown god.
   645 | D:1      | Reached skill level 6 in Ranged Weapons
  1719 | D:3      | Slain by a goblin

Illustrated notes

Levels and vault maps discovered:
D:1:      wander_arrival_desolate, layout_basic, basic_ecumenical_altar,
          minmay_misc_feat_enclosed, minivault_4
D:2:      kennysheep_big_flooded_room, layout_basic, serial_glass,
          glass_columns_c, glass_columns_c
D:3:      layout_basic, chequers_serial_rivers_room_b, lemuel_flame_loot_1,
          uniq_jessica

Skill      XL: |  1  2  3 |
---------------+----------+-----
Stealth        | 2 |  2.8
Ranged Weapons | 6 |  6.2
Fighting       | |  2.8
Dodging        | |  2.4

Action                     || total
---------------------------++-------
   Fire: Shortbow          ||    74
 Armour: Leather armour    ||     2
  Dodge: Dodged            ||     7
